 Dungeon Crawl Stone Soup version 0.31-a0-277-g31ea1f65cc (webtiles) character file.

Game seed: 8280710398750728752

23 Newt the Trooper (level 2, -1/24 HPs)
             Began as a Demonspawn Gladiator on July 16, 2023.
             Slain by a gnoll
             ... wielding a +0 halberd
              (11 damage)
             ... on level 2 of the Dungeon.
             The game lasted 00:00:57 (1049 turns).

Newt the Trooper (Demonspawn Gladiator)             Turns: 1049, Time: 00:00:58

Health: -1/24      AC:  6    Str: 14    XL:     2   Next: 72%
Magic:  2/2        EV: 12    Int:  9    God:
Gold:   45         SH:  0    Dex: 14    Spells: 1/1 levels left

rFire   . . .        a - +0 rapier (venom)
rCold   . . .        (no shield)
rNeg    . . .        b - +0 leather armour
rPois   .            c - +0 helmet
rElec   .            (no cloak)
rCorr   .            (no gloves)
SInv    .            (no boots)
Will    .....        g - amulet of regeneration
Stlth   +            (no ring)
HPRegen 1.04/turn    (no ring)
MPRegen 0.08/turn

%: no passive effects
@: no status effects
A: icy blue scales 1
a: no special abilities


You were on level 2 of the Dungeon.
You visited 1 branch of the dungeon, and saw 2 of its levels.

You collected 45 gold pieces.

Inventory:

Hand Weapons
 a - a +0 rapier of venom (weapon)
Missiles
 d - 2 throwing nets (quivered)
 e - a javelin
Armour
 b - a +0 leather armour (worn)
 c - a +0 helmet (worn)
Jewellery
 g - an amulet of regeneration (around neck)
Potions
 i - a potion of degeneration


   Skills:
 + Level 3.3 Fighting
 - Level 2.6 Short Blades
 - Level 1.7 Throwing
 - Level 2.6 Dodging


You had one spell level left.
You didn't know any spells.
Your spell library contained the following spells:

 Spells                   Type           Power      Damage    Failure   Level
 Blink                    Tloc           0%         N/A       61%         2
 Hailstorm                Conj/Ice       0%         3d3       83%         3
 Manifold Assault         Tloc           0%         N/A       99%         4
 Summon Ice Beast         Ice/Summ       0%         N/A       99%         4
 Simulacrum               Ice/Necr       0%         N/A       100%        6


Dungeon Overview and Level Annotations

Branches:
Dungeon (2/15)

Altars:


Innate Abilities, Weirdness & Mutations

You are partially covered in icy blue scales. (AC +2)


Message History

The ball python attacks as you move away!
The ball python barely misses you. The bat attacks as you move away!
The bat barely misses you. The bat closely misses you. The bat misses you.
The bat closely misses you. The bat closely misses you. The bat misses you.
You hit the bat but do no damage.
The bat is poisoned.
The bat hits you but does no damage.
You closely miss the bat. The bat closely misses you. x2
You hit the bat.
You kill the bat!
The bat completely misses you. The bat barely misses you.
You closely miss the bat. The bat barely misses you.
The gnoll closely misses you. The bat closely misses you.
You barely miss the bat. The bat hits you but does no damage.
The gnoll closely misses you. The bat hits you but does no damage.
You hit the bat.
The bat is severely wounded.
The bat barely misses you.
You puncture the bat!
You kill the bat!
The gnoll hits you but does no damage.
The ball python bites you but does no damage.
The ball python grabs you. The ball python constricts you.
You barely miss the ball python.
The gnoll hits you from afar with a +0 halberd.
The ball python closely misses you. The ball python constricts you.
The gnoll closely misses you.
You hit the ball python.
The ball python is poisoned.
The ball python is severely wounded.
You kill the ball python!
The gnoll barely misses you. The gnoll hits you but does no damage.
The gnoll hits you with a +0 halberd! The gnoll closely misses you.
You see here a bat corpse.
You hit the gnoll but do no damage.
The gnoll is poisoned.
The gnoll barely misses you. The gnoll hits you with a +0 halberd!
You barely miss the gnoll. The gnoll barely misses you.
The gnoll hits you with a +0 halberd.
You barely miss the gnoll. The gnoll hits you with a +0 halberd!
You die...

##.#
#:......#
#..#
#.......#
..##
#.......#
.<.#
#####.###
.#.# #.##
.#.# #.$#
.#.#
##.##
.#..
#gg####
..#.
##g@..#
..r..
####.#
#.### ..#
.# #.# .#
.# .# ..
.. .# .#


You could see 3 gnolls.

Vanquished Creatures
  A worm (D:2)
  A dart slug (D:1)
  An endoplasm (D:1)
  5 goblins (D:1)
  A hobgoblin (D:1)
  A quokka (D:1)
  3 ball pythons
  3 bats
  A kobold (D:1)
17 creatures vanquished.

Notes
Turn   | Place    | Note
-------+----------+-------------------------------------------
     0 | D:1      | Newt the Demonspawn Gladiator began the quest for the Orb.
     0 | D:1      | Reached XP level 1. HP: 16/16 MP: 1/1
   147 | D:1      | Gained mutation: You are partially covered in icy blue
                  | scales. (AC +2) [demonic ancestry]
   147 | D:1      | Reached XP level 2. HP: 23/23 MP: 2/2
   428 | D:1      | Reached skill level 3 in Fighting
   942 | D:1      | Found a faded altar of an unknown god.
  1049 | D:2      | Slain by a gnoll

Illustrated notes

Levels and vault maps discovered:
D:1:      dpeg_arrival_rhombi, layout_basic,
          hellmonk_ecumenical_altar_inner_sanctum, minmay_door_square
D:2:      layout_rooms, uniq_crazy_yiuf_cottage

Skill      XL: |  1  2 |
---------------+-------+-----
Fighting       | 3 |  3.3
Short Blades   | |  2.6
Throwing       | |  1.7
Dodging        | |  2.6

Action                     || total
---------------------------++-------
  Melee: Rapier            ||    58
  Throw: Throwing net      ||     1
    Use: Scroll            ||     4
 Armour: Leather armour    ||    23
  Dodge: Dodged            ||    61

Table legend: (Time is in decaauts)
 A = Elapsed time spent in this place.
 B = Non-inter-level travel time spent in this place.
 C = Inter-level travel time spent in this place.
 D = Time resting spent in this place.
 E = Time spent auto-exploring this place.
 F = Levels seen in this place.
 G = Mean time per level.
                   A        B        C        D        E       F      G
               +--------+--------+--------+--------+--------+-----+--------+
         Total |   1052 |   1014 |     38 |      0 |    862 |   2 |  526.0 |
       Dungeon |   1052 |   1014 |     38 |      0 |    862 |   2 |  526.0 |
               +--------+--------+--------+--------+--------+-----+--------+

Top non-repeatable levels by time:
     D:1: 995 daAuts
     D:2: 57 daAuts
